 Dungeon Sprint DCSS version 0.30.1-4-g462c640d31 (webtiles) character file.

Game seed: 1247489710525984086

2879 Heoruswealwe the Severer (level 9, -5/91 HPs)
             Began as a Hill Orc Fighter on Aug 24, 2023.
             Was a Priest of the Shining One.
             Slain by a hornet (6 damage)
             ... while paralysed by a hornet
             ... in the Dungeon (Sprint I: "Red Sonja").
             The game lasted 00:06:05 (768 turns).

Heoruswealwe the Severer (Hill Orc Fighter)          Turns: 768, Time: 00:06:05

Health: -5/91      AC: 10    Str: 23    XL:     9   Next: 76%
Magic:  18/18      EV:  2    Int:  8    God:    the Shining One [***...]
Gold:   622        SH:  0    Dex: 10    Spells: 8/8 levels left

rFire   . . .        a - +0 war axe
rCold   . . .        d - +0 buckler
rNeg    + . .        c - +0 scale mail
rPois   .            (no helmet)
rElec   .            h - +0 cloak
rCorr   .            (no gloves)
SInv    .            (no boots)
Will    .....        (no amulet) Stlth
                     (no ring)
HPRegen 0.35/turn    (no ring)
MPRegen 0.16/turn

%: no teleportation
@: paralysed, lethally poisoned (-5 -> -15), slowed, glowing
A: no striking features
a: Renounce Religion, Divine Shield, Cleansing Flame


You were in the Dungeon.
You worshipped the Shining One.
The Shining One was most pleased with you.
You visited 1 branch You collected 622 gold pieces.

Inventory:

Hand Weapons
 a - a +0 war axe (weapon)
Armour
 c - a +0 scale mail (worn)
 d - a +0 buckler (worn)
 h - a +0 cloak (worn)
Wands
 k - a wand of digging (4)
Scrolls
 f - a scroll of fog {unknown}
Potions
 b - a potion of might
 e - a potion of curing
 i - a potion of berserk rage
 l - a potion of mutation {unknown}


   Skills:
 + Level 12.4 Fighting
 * Level 17.9 Axes
 + Level 11.4 Armour
 - Level 3.2 Shields
 + Level 12.8 Invocations


You had 8 spell levels left.
You didn't know any spells.
Your spell library was empty.

Dungeon Overview and Level Annotations

Branches:
Dungeon (1/1)

Altars:
Cheibriados
Dithmenos
Elyvilon
Fedhas
Gozag
Hepliaklqana
Kikubaaqudgha
Makhleb
Nemelex Xobeh
Okawaru
Qazlal
Ru
Sif Muna
Trog
Uskayaw
Vehumet
Wu Jian
Xom
Yredelemnul
Zin
The Shining One
Jiyva
Lugonu

Shops:
D ([


Message History

You suddenly lose the ability to move!
You feel very sick. The hornet stings you.
You feel as though you will be slow longer.
The hornet stings you!
You feel as though you will be slow longer.
You can move again.
You slash the hornet!
The hornet is moderately wounded.
You feel sick. The hornet misses you. The hornet stings you.
You feel as though you will be slow longer.
You feel better. You block the hornet's attack. x2
You hit the hornet.
The hornet is heavily wounded.
The hornet stings you but does no damage.
The hornet stings you!
You are poisoned.
You feel as though you will be slow longer.
You slash the hornet!
The hornet is almost dead.
You feel very sick. The hornet stings you!
* * * LOW HITPOINT WARNING * * *
You feel as though you will be slow longer.
You hit the hornet.
The hornet is almost dead.
You feel sick. The hornet barely misses you.
The hornet stings you but does no damage.
You hit the hornet but do no damage.
The hornet is almost dead.
You feel sick. The hornet stings you!
* * * LOW HITPOINT WARNING * * *
You suddenly lose the ability to move!
The hornet stings you.
* * * LOW HITPOINT WARNING * * *
You are more poisoned.
You feel as though you will be slow longer.
* * * LOW HITPOINT WARNING * * *
You feel very sick. The hornet stings you.
You die...

######################
..)..#.)'..#__#..')..#
..#..'..#..'..'..#)..#
####'#####'#__####...+
###..#...#.####§§#####
__####..##[#~§§§§#$$#
_____##'#_.+~§§§@y..#
_.∩...'..._#§§§§§#§$#
_..__##_.#'##+#### +#
_____###+#.#)...###
###### ####'###.##
+.....'.∩# ##########


You could see a hornet.

Vanquished Creatures
  2 centaur warriors (D)
  A deep troll (D)
  2 kobold demonologists (D)
  A slime creature (D)
  Sigmund (D)
  A yak (D)
  A floating eye (D)
  An ogre (D)
  A jelly (D)
  Ijyb (D)
12 creatures vanquished.

Notes
Turn   | Place    | Note
-------+----------+-------------------------------------------
     0 | D        | Heoruswealwe the Hill Orc Fighter began the quest for the
                  | Orb.
     0 | D        | Reached XP level 1. HP: 19/19 MP: 1/1
     1 | D        | Noticed Ijyb
    15 | D        | Killed Ijyb
    16 | D        | Reached skill level 5 in Axes
    16 | D        | Reached XP level 2. HP: 8/28 MP: 1/4
    16 | D        | Reached XP level 3. HP: 10/34 MP: 1/5
   111 | D        | Noticed an ogre
   119 | D        | Killed an ogre
   120 | D        | Reached skill level 8 in Axes
   120 | D        | Reached skill level 5 in Armour
   120 | D        | Reached skill level 5 in Invocations
   120 | D        | Reached XP level 4. HP: 11/44 MP: 5/7
   242 | D        | Noticed Sigmund
   253 | D        | Killed Sigmund
   254 | D        | Reached skill level 10 in Axes
   254 | D        | Reached XP level 5. HP: 51/52 MP: 7/10
   254 | D        | Reached XP level 6. HP: 58/60 MP: 7/11
   265 | D        | Found an ornate altar of the Wu Jian Council.
   265 | D        | Found a shimmering blue altar of Sif Muna.
   267 | D        | Found a radiant altar of Vehumet.
   366 | D        | Found Zaruall's Weapon Emporium.
   366 | D        | Found an ancient bone altar of Kikubaaqudgha.
   366 | D        | Found a hazy altar of Hepliaklqana.
   366 | D        | Found a stormy altar of Qazlal.
   366 | D        | Found a hide-covered altar of Uskayaw.
   366 | D        | Found a blossoming altar of Fedhas.
   366 | D        | Found a bloodstained altar of Trog.
   366 | D        | Found an iron altar of Okawaru.
   366 | D        | Found a basalt altar of Yredelemnul.
   366 | D        | Found a glowing golden altar of the Shining One.
   366 | D        | Found a snail-covered altar of Cheibriados.
   366 | D        | Found a sacrificial altar of Ru.
   366 | D        | Found a glowing silver altar of Zin.
   366 | D        | Found a shadowy altar of Dithmenos.
   366 | D        | Found a white marble altar of Elyvilon.
   366 | D        | Noticed a yak
   375 | D        | Killed a yak
   376 | D        | Reached skill level 12 in Axes
   376 | D        | Reached XP level 7. HP: 21/69 MP: 11/13
   376 | D        | Found an opulent altar of Gozag.
   377 | D        | Found a sparkling altar of Nemelex Xobeh.
   383 | D        | Became a worshipper of the Shining One
   540 | D        | Found a burning altar of Makhleb.
   540 | D        | Found a viscous altar of Jiyva.
   540 | D        | Found a shimmering altar of Xom.
   540 | D        | Found a corrupted altar of Lugonu.
   540 | D        | Noticed a slime creature
   548 | D        | Killed a slime creature
   549 | D        | Reached skill level 13 in Axes
   584 | D        | Noticed a kobold demonologist
   584 | D        | Reached * piety under the Shining One
   585 | D        | Noticed a kobold demonologist
   589 | D        | Killed a kobold demonologist
   590 | D        | Reached skill level 10 in Fighting
   590 | D        | Reached skill level 14 in Axes
   590 | D        | Reached skill level 10 in Invocations
   590 | D        | Reached XP level 8. HP: 79/79 MP: 13/15
   595 | D        | Killed a kobold demonologist
   595 | D        | Reached ** piety under the Shining One
   596 | D        | Reached skill level 15 in Axes
   608 | D        | Noticed a centaur warrior
   610 | D        | Noticed a centaur warrior
   619 | D        | Killed a centaur warrior
   620 | D        | Reached skill level 16 in Axes
   620 | D        | Reached skill level 10 in Armour
   620 | D        | Reached XP level 9. HP: 50/89 MP: 15/17
   621 | D        | Killed a centaur warrior
   622 | D        | Reached skill level 17 in Axes
   628 | D        | Noticed a deep troll
   632 | D        | Killed a deep troll
   704 | D        | Found Serucig's Armour Emporium.
   756 | D        | Noticed a hornet
   756 | D        | Reached *** piety under the Shining One
   760 | D        | Paralysed by a hornet for 2 turns
   767 | D        | Paralysed by a hornet for 3 turns
   767 | D        | HP: 3/91 [hornet (2)]
   768 | D        | HP: 1/91 [poisoned by a hornet]
   768 | D        | Slain by a hornet

Illustrated notes

Levels and vault maps discovered:
D:        dungeon_sprint_1 [red_sonja_temple_1, red_sonja_temple_small_1]

Skill      XL: |  1  2  3  4  5  6  7  8  9 |
---------------+----------------------------+-----
Fighting       | 4 6 7 8 10 11 12 | 12.4
Axes           | 5 8 10 12 14 16 17 | 17.9
Armour         | 4 5 6 7 9 10 11 | 11.4
Invocations    | 3 5 7 8 10 11 12 | 12.8
Shields        | |  3.2

Action                     |  1- 3 |  4- 6 |  7- 9 || total
---------------------------+-------+-------+-------++-------
  Melee: War axe           |    20 |    24 |    38 ||    82
  Evoke: Wand              |     1 |       |       ||     1
    Use: Potion            |       |       |     4 ||     4
         Scroll            |       |       |     1 ||     1
 Armour: Scale mail        |     3 |       |    15 ||    18
  Dodge: Dodged            |     7 |     4 |    10 ||    21
  Block: Buckler           |     4 |     4 |     7 ||    15
